 Dungeon Crawl Stone Soup version 0.26-a0-651-gb41185065b (webtiles) character file.

Game seed: 782569464359363994

(classic levelgen) 1612 EnegeticOcto the Chopper (level 8, 46/74 HPs)
             Began as a Deep Dwarf Fighter on Oct 13, 2020.
             Quit the game on level 3 of the Dungeon.
             The game lasted 00:02:07 (2964 turns).

EnegeticOcto the Chopper (Deep Dwarf Fighter)       Turns: 2964, Time: 00:02:08

Health: 46/74      AC: 11    Str: 23    XL:     8   Next: 63%
Magic:  5/5        EV:  8    Int:  8    God:
Gold:   265        SH: 10    Dex: 12    Spells: 7/7 levels left

rFire    . . .     SeeInvis .   a - +1 war axe
rCold    . . .     Faith    .   c - +0 kite shield
rNeg     . . .     Spirit   .   b - +0 scale mail
rPois    .         Reflect  .   (no helmet)
rElec    .         Harm     .   e - +0 cloak
rCorr    .         Rampage  .   q - +0 pair of gloves
MR       +....                  n - +0 pair of boots
Stlth    ..........             s - amulet of the acrobat
HPRegen  0.00/turn              (no ring)
MPRegen  0.09/turn              (no ring)

@: non-regenerating
A: damage resistance, heal wounds, sense surroundings 1, no regeneration
a: Heal Wounds


You were on level 3 of the Dungeon.
You visited 2 branches of the dungeon, and saw 7 of its levels.

You collected 265 gold pieces.

Inventory:

Hand Weapons
 a - a +1 war axe (weapon)
Armour
 b - a +0 scale mail (worn)
 c - a +0 kite shield (worn)
 e - a +0 cloak (worn)
 n - a +0 pair of boots (worn)
 q - a +0 pair of gloves (worn)
Jewellery
 s - an amulet of the acrobat (around neck)
Wands
 t - a wand of paralysis (18)
Scrolls
 i - a scroll of teleportation {@r3}
 k - a scroll of remove curse {@r2}
 r - 2 scrolls of fog
Potions
 d - a potion of might {@q3}
 f - 2 potions of lignification
 g - 2 potions of magic
 h - a potion of curing {@q1}
 j - a potion of mutation {unknown}
 l - a potion of brilliance {unknown}
 m - a potion of stabbing {unknown}
 o - a potion of flight {unknown}


   Skills:
 + Level 5.2 Fighting
 * Level 7.9 Axes
 + Level 6.2 Armour
 + Level 6.3 Shields


You had 7 spell levels left.
You didn't know any spells.
Your spell library was empty.

Dungeon Overview and Level Annotations

Branches:
Dungeon (6/15)             Temple (1/1) D:6

Altars:
Cheibriados
Dithmenos
Elyvilon
Fedhas
Gozag
Nemelex Xobeh
Qazlal
Ru
Sif Muna
Trog
Wu Jian
Yredelemnul
Zin
The Shining One


Innate Abilities, Weirdness & Mutations

You are resistant to damage.
You can heal yourself by infusing magical energy.
You passively map a small area around you.
You do not regenerate.


Message History

Found an escape hatch in the ceiling.
An orc comes into view. It is wielding a +0 club.
The orc shouts!
An orc is nearby!
An orc is nearby!
An orc is nearby!
An orc is nearby!
An orc is nearby!
An orc comes into view.
It is wielding a +2 short sword of venom.
The orc shouts!
You closely miss the orc.
An orc comes into view. It is wielding a +0 mace.
The orc hits you with a +0 club.
You closely miss the orc.
The orc shouts!
You slash the orc!
You kill the orc!
An orc comes into view. It is wielding a +0 hand axe.
The orc shouts!
You slash the orc!
You kill the orc!
You hit the orc.
The orc is almost dead.
You block the orc's attack.
You slash the orc!
You kill the orc!
Items here: )) [ †.
You block the orc's attack.
Found a stone staircase leading up.
You slash the orc!
You kill the orc!
No target in view!
No target in view!
No target in view!
No target in view!
No target in view!
No target in view!
No target in view!
No target in view!
No target in view!
No target in view!
Things that are here:
a +0 hand axe; a +0 chain mail; an orc corpse A goblin comes into view.
A goblin is nearby!
A goblin is nearby!
A goblin is nearby!
A goblin is nearby!
A goblin is nearby!
The goblin shouts!
Things that are here:
a +0 hand axe; a +0 chain mail; an orc corpse The goblin misses you.
You slash the goblin!
You kill the goblin!
No target in view!
No target in view!
No target in view!
No target in view!
No target in view!
No target in view!
No target in view!
No target in view!
No target in view!
You see here a cursed +0 mace.
You now have 265 gold pieces (gained 5).
An adder comes into view.
Found a pair of boots.
An adder is nearby!
An adder is nearby!
An adder is nearby!
An adder is nearby!
An adder is nearby!
An adder is nearby!
An adder is nearby!
The adder hisses angrily.
The adder completely misses you.
Your shield prevents you from hitting the adder.
You block the adder's attack.
You slash the adder!
You kill the adder!
No target in view!
No target in view!
No target in view!
No target in view!
No target in view!
No target in view!
No target in view!
No target in view!
No target in view!
No target in view!
No target in view!
No target in view!
No target in view!
No target in view!
You see here a pair of boots.
You start putting on your armour.
You continue putting on your pair of boots. x4
You finish putting on your +0 pair of boots.
Are you sure you want to abandon this character and quit the game? (Confirm with "yes".)

........... #†....
#...). * #.....
#..<.. * , ,#.....
, , #.....
#########* * #.....
#.@.....######.....
#............#.....
#.......####.#.....
##.###### #.#.....
, #.#....# #.###.##
#.#.##.# #.# #.##
#.#.##.# #.# #.##
#.#.##.# #.# #.## *
#.##.# #.# #.#


There were no monsters in sight!

Vanquished Creatures
  A cyclops (D:6)
  Grinder (D:5)
  A sky beast (D:6)
  An ice beast (D:5)
  A black bear (D:6)
  2 ogres (D:6)
  A centaur (D:6)
  2 bullfrogs (D:6)
  A scorpion (D:5)
  2 bullfrog zombies (D:5)
  A hound (D:4)
  A centaur skeleton (D:5)
  2 orc wizards (D:6)
  An iguana (D:4)
  2 worker ants (D:5)
  A hound zombie (D:5)
  A mummy (D:4)
  3 gnolls (D:6)
  3 adders
  A white imp (D:3)
  An ufetubus (D:6)
  An ooze (D:6)
  3 leopard geckos
  14 orcs
  A bat (D:3)
  3 giant cockroaches
  2 goblins
  A hobgoblin (D:2)
  2 jackals (D:5)
  2 kobolds
  2 quokkas
  3 frilled lizards (D:2)
  A quokka zombie (D:6)
  3 rats
68 creatures vanquished.

Notes
Turn   | Place    | Note
-------+----------+-------------------------------------------
     0 | D:1      | EnegeticOcto the Deep Dwarf Fighter began the quest for the
                  | Orb.
     0 | D:1      | Reached XP level 1. HP: 20/20 MP: 1/1
   131 | D:2      | Reached XP level 2. HP: 27/27 MP: 2/2
   212 | D:2      | Found a white marble altar of Elyvilon.
   410 | D:4      | Reached skill level 3 in Axes
   410 | D:4      | Reached XP level 3. HP: 26/34 MP: 3/3
   522 | D:4      | Reached XP level 4. HP: 31/42 MP: 4/4
   596 | D:4      | Found a snail-covered altar of Cheibriados.
   709 | D:5      | Entered Level 5 of the Dungeon
   720 | D:5      | Noticed Grinder
   735 | D:5      | Paralysed by Grinder for 4 turns
   752 | D:5      | Killed Grinder
   752 | D:5      | Reached skill level 4 in Axes
   752 | D:5      | Reached XP level 5. HP: 37/49 MP: 5/5
   752 | D:5      | Reached XP level 6. HP: 43/56 MP: 6/6
   869 | D:5      | You fall into a shaft and drop 1 floor!
   869 | D:6      | Found a staircase to the Ecumenical Temple.
   872 | Temple   | Entered the Ecumenical Temple
  1053 | D:6      | Noticed a sky beast
  1062 | D:6      | Reached skill level 5 in Axes
  1091 | D:6      | Killed a sky beast
  1229 | D:5      | Reached XP level 7. HP: 60/64 MP: 6/6
  1269 | D:5      | Reached skill level 5 in Armour
  1276 | D:5      | Reached skill level 5 in Shields
  1291 | D:5      | Reached skill level 6 in Axes
  1349 | D:5      | Found an opulent altar of Gozag.
  2348 | D:6      | Reached XP level 8. HP: 52/73 MP: 7/7
  2351 | D:6      | Noticed a cyclops
  2354 | D:6      | Found a sacrificial altar of Ru.
  2372 | D:6      | Reached skill level 7 in Axes
  2372 | D:6      | Killed a cyclops
  2372 | D:6      | Reached skill level 5 in Fighting
  2390 | D:6      | Found a bloodstained altar of Trog.
  2964 | D:3      | Quit the game

Illustrated notes

Levels and vault maps discovered:
D:1:      eino_arrival_druids_welcome, layout_basic
D:2:      layout_rooms, eat_drink_and_be_merry_uskayaw, lemuel_crystal_altar,
          serial_park_tiny_2
D:3:      layout_basic, vehumet_crystals, gammafunk_ghost_necromancy,
          uniq_sigmund
D:4:      layout_rooms, chei_slow_surprise
D:5:      layout_layer_cave, nicolae_gozag_seed_capital, uniq_grinder
D:6:      layout_layer_cave, nicolae_overflow_crystal_walls,
          minmay_temple_entry_crystal_x, nicolae_ru_awakened_eye
Temple:   jpeg_temple_alley_garden

Skill      XL: |  1  2  3  4  5  6  7  8 |
---------------+-------------------------+-----
Fighting       | 3 4 5 |  5.2
Axes           | 3 4 5 6 7 |  7.9
Armour         | 4 5 6 |  6.2
Shields        | 4 5 6 |  6.3

Action                   |  1- 3 |  4- 6 |  7- 9 || total
-------------------------+-------+-------+-------++-------
Melee: War axe           |    51 |    85 |    99 ||   235
 Abil: Heal Wounds       |       |     3 |     7 ||    10
  Use: Scroll            |       |       |     9 ||     9
Armor: Scale mail        |    30 |    39 |    54 ||   123
Dodge: Dodged            |    20 |    24 |    45 ||    89
Block: Kite shield       |    26 |    42 |    70 ||   138

Table legend: (Time is in decaauts)
 A = Elapsed time spent in this place.
 B = Non-inter-level travel time spent in this place.
 C = Inter-level travel time spent in this place.
 D = Time resting spent in this place.
 E = Time spent auto-exploring this place.
 F = Levels seen in this place.
 G = Mean time per level.
                   A        B        C        D        E       F      G
               +--------+--------+--------+--------+--------+-----+--------+
         Total |   3039 |   2841 |    198 |      0 |   2232 |   7 |  434.1 |
       Dungeon |   2927 |   2768 |    159 |      0 |   2180 |   6 |  487.8 |
        Temple |    111 |     72 |     39 |      0 |     52 |   1 |  111.0 |
               +--------+--------+--------+--------+--------+-----+--------+

Top non-repeatable levels by time:
     D:5: 1248 daAuts
     D:6: 806 daAuts
     D:4: 388 daAuts
     D:3: 234 daAuts
     D:2: 178 daAuts
  Temple: 111 daAuts
     D:1: 71 daAuts
